 Dungeon Sprint DCSS version 0.28.0-43-g3370ac3207 (webtiles) character file.

Game seed: 10710623171301753974

357 rocky1 the Zephyrmancer (level 6, -8/37 HPs)
             Began as a Tengu Air Elementalist on Mar 11, 2022.
             Was a Follower of Sif Muna.
             Killed from afar by an air elemental (19 damage)
             ... with a stunning burst
             ... while paralysed by an air elemental
             ... in the Dungeon (Sprint V: "Ziggurat Sprint") on Mar 19, 2022.
             The game lasted 00:05:37 (464 turns).

rocky1 the Zephyrmancer (Tengu Air Elementalist)     Turns: 464, Time: 00:05:38

Health: -8/37      AC:  2    Str:  8    XL:     6   Next: 64%
Magic:  17/21      EV:  2    Int: 24    God:    Sif Muna [*.....]
Gold:   0          SH:  0    Dex: 14    Spells: 6/16 levels left

rFire   . . .      SeeInvis .   B - +6 Majin-Bo {vamp, MP+6 Int+6}
rCold   . . .      Faith    .   (shield currently unavailable)
rNeg    . . .      Spirit   .   a - +0 robe
rPois   .          Reflect  .   (helmet restricted)
rElec   .          Harm     .   (no cloak)
rCorr   .          Rampage  .   (no gloves)
Will    .....      NoTele   +   (boots unavailable)
Stlth   +++.......              (no amulet)
HPRegen 0.12/turn               (no ring)
MPRegen 0.17/turn               (no ring)

@: paralysed, flying quickly and evasively, quick
A: beak, talons 3, nimble flight
a: Renounce Religion, Channel Magic


You were in the Dungeon.
You worshipped Sif Muna.
Sif Muna was aware of your devotion.
You visited 1 branch

Inventory:

Hand Weapons
 B - the +6 Majin-Bo (weapon) {vamp, MP+6 Int+6}
   (You found it in the Dungeon)

   It occasionally heals its wielder for a portion of the damage dealt when they
   wound a living foe with it or with a spell.
   Its wielder's spells cost health as well as magical power.
   Int:       It affects your intelligence (+6).
   MP:        It affects your magic capacity (+6).
 H - a +5 lajatang
Armour
 a - a +0 robe (worn)
 k - a +3 buckler
 C - a +3 kite shield
 D - +5 fire dragon scales
 E - +5 gold dragon scales
 F - +5 ice dragon scales
 G - a +5 plate armour
 I - a +4 scale mail of fire resistance
Magical Staves
 J - a staff of fire
Jewellery
 r - a ring of flight
 s - a +6 ring of dexterity
 t - a +6 ring of dexterity
 u - a +6 ring of intelligence
 v - a +6 ring of intelligence
 w - a +6 ring of strength
 x - a +6 ring of strength
 K - the amulet of Beareiv {Spirit Contam rElec rPois Int+2}
   (You found it in the Dungeon)

   [amulet of guardian spirit]

   It causes incoming damage to be divided between your reserves of health and
   magic.
   Int:       It affects your intelligence (+2).
   rElec:     It insulates you from electricity.
   rPois:     It protects you from poison.
   Contam:    It causes magical contamination when unequipped.
Wands
 y - a wand of mindburst (7)
 z - a wand of iceblast (7)
 A - a wand of acid (7)
Scrolls
 g - 4 scrolls of blinking
 m - 4 scrolls of amnesia
 n - 7 scrolls of fog
 o - a scroll of holy word
 p - 5 scrolls of identify
 q - 2 scrolls of fear
Potions
 b - 10 potions of curing
 c - 10 potions of heal wounds
 d - 6 potions of haste
 e - 7 potions of magic
 f - 2 potions of berserk rage
 h - 2 potions of brilliance
 i - 2 potions of invisibility
 j - 4 potions of resistance
 l - 5 potions of might


   Skills:
 + Level 3.5 Fighting
 + Level 3.6 Staves
 + Level 2.6 Armour
 + Level 5.6 Dodging
 - Level 4.1 Stealth
 - Level 0.9 Shields
 + Level 5.5 Spellcasting
 + Level 4.2 Conjurations
 + Level 2.6 Transmutations
 + Level 11.9 Air Magic
 + Level 0.8 Invocations


You had 6 spell levels left.
You knew the following spells:

 Your Spells              Type           Power      Damage    Failure   Level
a - Shock                 Conj/Air       100%       1d9       1%          1
b - Static Discharge      Conj/Air       45%        N/A       1%          2
c - Swiftness             Air            59%        N/A       1%          3
d - Airstrike             Air            29%        N/A       1%          4

Your spell library contained the following spells:

 Spells                   Type           Power      Damage    Failure   Level


Dungeon Overview and Level Annotations

Branches:
Dungeon (1/1)

Altars:
Ashenzari
Cheibriados
Dithmenos
Elyvilon
Fedhas
Gozag
Hepliaklqana
Kikubaaqudgha
Makhleb
Nemelex Xobeh
Okawaru
Qazlal
Ru
Sif Muna
Trog
Uskayaw
Vehumet
Wu Jian
Xom
Yredelemnul
Zin
The Shining One
Beogh
Jiyva
Lugonu

Annotations:
D 1 transporter


Innate Abilities, Weirdness & Mutations

You have a beak for a mouth.
You have claws for feet.
Your magical nature lets you fly swiftly and evasively.


Message History

Casting: Shock (safe; 1% risk of failure)
Confirm with . or Enter, or press ? or * to list all spells.
You can't see any susceptible monsters within range! (Use Z to cast anyway.)
Aiming: Shock (safe; 1% risk of failure)
Press: ? - help, Q - select action, (/) - cycle Shift-Dir - straight line, f - you
Okay, then.
Press: ? - help, v - describe, . - travel
Here: an air elemental The floor.
Casting: Shock (safe; 1% risk of failure)
Confirm with . or Enter, or press ? or * to list all spells.
Okay, then.
Casting: Shock (safe; 1% risk of failure)
Confirm with . or Enter, or press ? or * to list all spells.
Okay, then.
Casting: Shock (safe; 1% risk of failure)
Confirm with . or Enter, or press ? or * to list all spells.
Okay, then.
Casting: Shock (safe; 1% risk of failure)
Confirm with . or Enter, or press ? or * to list all spells.
You don't know that spell.
Casting: Shock (safe; 1% risk of failure)
Confirm with . or Enter, or press ? or * to list all spells.
Aiming: Airstrike (dangerous; 1% risk of failure)
Press: ? - help, Dir - move target, f - air elemental
Aim: an air elemental (empty space bonus: 7/8)
The air twists around and strikes the air elemental!!
The air elemental is heavily damaged.
The air elemental fires a burst of electricity at you.
The stunning burst hits you!
You suddenly lose the ability to move!
The air elemental fires a burst of electricity at you.
The stunning burst hits the air elemental.
The air elemental completely resists.
The stunning burst hits you.
The air elemental fires a burst of electricity at you.
The stunning burst hits you!
* * * LOW HITPOINT WARNING * * *
The air elemental fires a burst of electricity at you.
The stunning burst hits you!!
Ouch! That really hurt!
You die...

▓▓▓▓▓▓▓▓▓▓▓▓▓▓▓▓▓▓▓
▓.8©8.▓.8©8.▓.8©8.▓
▓.EE:.▓.)|..▓.....▓
▓..:..▓.....▓.....▓
▓..EE.▓.....▓.....▓
▓.....▓.....▓.))..▓
▓.....▓..)).▓..©..▓
▓..@..▓..©..▓▓▓▓▓▓▓
▓▓▓▓▓▓▓▓▓▓▓▓▓


You could see 4 air elementals.

Vanquished Creatures
  2 spriggans (D)
  An orc priest (D)
  An orc wizard (D)
  An orc (D)
5 creatures vanquished.

Notes
Turn   | Place    | Note
-------+----------+-------------------------------------------
     0 | D        | rocky1 the Tengu Air Elementalist began the quest for the
                  | Orb.
     0 | D        | Reached XP level 1. HP: 10/10 MP: 4/4
     0 | D        | Found a shimmering blue altar of Sif Muna.
     0 | D        | Found a bloodstained altar of Trog.
     0 | D        | Found a sacrificial altar of Ru.
     0 | D        | Found a stormy altar of Qazlal.
     0 | D        | Found an iron altar of Okawaru.
     3 | D        | Found a sparkling altar of Nemelex Xobeh.
     3 | D        | Found a blossoming altar of Fedhas.
     3 | D        | Found the +6 Majin-Bo {vamp, MP+6 Int+6}
     3 | D        | Found the +9 heavy crossbow "Sniper" {vorpal, Acc+∞ SInv}
     3 | D        | Found the +10 dark maul {vorpal}
     3 | D        | Found the +15 Maxwell's patent armour {-Cast -Tele rElec
                  | Will+ rCorr}
     3 | D        | Found the +18 shield of the Gong {rElec rN+ Will+ EV-5}
     3 | D        | Found the +14 obsidian axe {vorpal, Mesm Drain Fly SInv}
     3 | D        | Found the +7 great mace "Firestarter" {inner flame, rF++}
     3 | D        | Found the +6 shillelagh "Devastator" {shatter}
     3 | D        | Found the +11 plutonium sword {Contam Stlth-}
     3 | D        | Found the +8 lance "Wyrmbane" {slay drac, rPois rF+ rC+
                  | AC+3}
     3 | D        | Found the +9 sword of Zonguldrok {reap}
     3 | D        | Found the +13 scythe of Curses {drain, Drain}
     3 | D        | Found the +5 sword of Power {vorpal}
     3 | D        | Found the +7 mace of Variability {chain chaos}
     3 | D        | Found the +7 Singing Sword {vorpal, sonic wave}
     3 | D        | Found the +8 storm bow {elec, penet}
     5 | D        | Found a transporter.
     5 | D        | Found an ancient bone altar of Kikubaaqudgha.
     5 | D        | Found a viscous altar of Jiyva.
     5 | D        | Found a corrupted altar of Lugonu.
     5 | D        | Found a hazy altar of Hepliaklqana.
     5 | D        | Found a burning altar of Makhleb.
     5 | D        | Found an opulent altar of Gozag.
    87 | D        | Reached skill level 5 in Air Magic
    87 | D        | Reached XP level 2. HP: 19/19 MP: 6/6
   356 | D        | Became a worshipper of Sif Muna the Loreminder
   373 | D        | Entered arena 2.
   373 | D        | Noticed a spriggan
   373 | D        | Noticed a spriggan
   373 | D        | Found a transporter.
   376 | D        | Killed a spriggan
   377 | D        | Reached skill level 9 in Air Magic
   377 | D        | Reached XP level 3. HP: 23/23 MP: 9/9
   377 | D        | Reached XP level 4. HP: 28/28 MP: 11/11
   377 | D        | Gained mutation: Your magical nature lets you fly swiftly
                  | and evasively. [Tengu growth]
   377 | D        | Reached XP level 5. HP: 32/32 MP: 12/12
   380 | D        | Killed a spriggan
   381 | D        | Reached skill level 5 in Dodging
   381 | D        | Reached skill level 5 in Spellcasting
   381 | D        | Reached skill level 11 in Air Magic
   381 | D        | Reached XP level 6. HP: 37/37 MP: 14/15
   425 | D        | Learned a level 2 spell: Static Discharge
   429 | D        | Learned a level 3 spell: Swiftness
   434 | D        | Learned a level 4 spell: Airstrike
   434 | D        | Entered arena 3.
   434 | D        | Found a transporter.
   435 | D        | Reached * piety under Sif Muna
   449 | D        | Got the amulet of Beareiv {Spirit Contam rElec rPois Int+2}
   463 | D        | Entered arena 4.
   463 | D        | Noticed an air elemental
   463 | D        | Noticed an air elemental
   463 | D        | Noticed an air elemental
   463 | D        | Noticed an air elemental
   463 | D        | Found a transporter.
   464 | D        | Paralysed by an air elemental for 1 turns
   464 | D        | Killed from afar by an air elemental

Illustrated notes

Levels and vault maps discovered:
D:        sprint_v [room_start, room_1, room_2, room_3, room_4, room_5, room_6,
          room_7, room_8, room_9, room_10, room_11, room_12, room_13, room_14,
          room_15, room_16, room_17, room_18, room_19, room_20, room_21,
          room_22, room_23, room_24, room_25, room_26, room_27]

Skill      XL: |  1  2  3  4  5  6 |
---------------+-------------------+-----
Fighting       | 3 |  3.5
Staves         | 2 3 |  3.6
Armour         | 2 |  2.6
Dodging        | 3 4 5 |  5.6
Conjurations   | 3 4 |  4.2
Transmutations | 2 |  2.6
Air Magic      | 5 9 11 | 11.9
Stealth        | 3 4 |  4.1
Spellcasting   | 4 5 |  5.5
Shields        | |  0.9
Invocations    | |  0.8

Action                   |  1- 3 |  4- 6 || total
-------------------------+-------+-------++-------
Melee: Quarterstaff      |     2 |     8 ||    10
       Peck              |       |     4 ||     4
       Kick              |       |     2 ||     2
 Cast: Shock             |       |     4 ||     4
       Airstrike         |       |     1 ||     1
  Use: Potion            |     2 |       ||     2
Dodge: Dodged            |     2 |     5 ||     7
